PCL
CALGARY COWBOYS @ HOUSTON HAMMERTIME
08/22/2027
 
TOP OF THE 1ST
Calgary Cowboys batting - Pitching for Houston Hammertime : RHP Andrés Rivera
Pitching: RHP Andrés Rivera
Batting: LHB Enrico Vargas 0-0: Ball
1-0: Fly out, F8 (Flyball, 89M)
Batting: RHB Mario Sánchez 0-0: Ball
1-0: Foul Ball, location: 2F
1-1: Foul Ball, location: 2F
1-2: Strikes out swinging
Batting: LHB Greg Nelson 0-0: DOUBLE (Line Drive, 9LD)
Batting: RHB Todd Bryant 0-0: Ball
1-0: Ball
2-0: Called Strike
2-1: Ground out U3 (Groundball, 3)
Top of the 1st over - 0 run(s), 1 hit(s), 0 error(s), 1 left on base; Calgary 0 - Houston 0
BOTTOM OF THE 1ST
Houston Hammertime batting - Pitching for Calgary Cowboys : RHP Michael Carr
Pitching: RHP Michael Carr
Batting: LHB Tom Baker 0-0: Ball
1-0: Reached on error, E3 (Groundball, 34)
Batting: RHB Alonso Holguín 0-0: Foul Ball, location: 2F
0-1: SINGLE (Line Drive, 9S)
Tom Baker to second
Batting: RHB Carlos Pérez 0-0: Swinging Strike
0-1: Ball
1-1: Swinging Strike
1-2: Foul Ball, location: 2F
1-2: SINGLE (Groundball, 6MD)
Tom Baker to third
Alonso Holguín to second
Runner from 3rd tries for Home, SAFE, no throw
Batting: LHB Leonardo Medina 0-0: Called Strike
0-1: Ball
1-1: Called Strike
1-2: Ball
2-2: 3-RUN HOME RUN (Flyball, 9D), Distance : 366 ft
Batting: RHB Dan Mason 0-0: Called Strike
0-1: Ball
1-1: Foul Ball, location: 2F
1-2: Strikes out swinging
Batting: RHB David Hernández 0-0: Called Strike
0-1: Ground out 5-3 (Groundball, 5)
Batting: SHB Carlos Córdova 0-0: Ball
1-0: Called Strike
1-1: Ball
2-1: SINGLE (Groundball, 34D)
Batting: RHB Alberto Chávez 0-0: Ball
1-0: Ball
2-0: SINGLE (Groundball, 6MD)
Carlos Córdova to second
Runner from 2nd tries for 3rd, SAFE, no throw
Batting: LHB Fernando Camacho 0-0: Foul Ball, location: 2F
0-1: Called Strike
0-2: Foul Ball, location: 2F
0-2: Ball
1-2: Ball
2-2: SINGLE (Groundball, 34D)
Carlos Córdova scores
Alberto Chávez to second
Runner from 2nd tries for 3rd, SAFE, throw made to third
Batting: LHB Tom Baker 0-0: Ball
1-0: Foul Ball, location: 2F
1-1: Foul Ball, location: 2F
1-2: Fly out, F8 (Flyball, 8RS)
Bottom of the 1st over - 5 run(s), 6 hit(s), 1 error(s), 2 left on base; Calgary 0 - Houston 5
TOP OF THE 2ND
Calgary Cowboys batting - Pitching for Houston Hammertime : RHP Andrés Rivera
Batting: RHB Dan Wyatt 0-0: Foul Ball, location: 2F
0-1: Swinging Strike
0-2: Ball
1-2: Fly out, F8 (Flyball, 8RXD)
Batting: RHB Tom Rowe 0-0: Ball
1-0: Ball
2-0: Called Strike
2-1: Foul Ball, location: 2F
2-2: Ball
3-2: Base on Balls
Batting: RHB Ramón Martínez 0-0: Ball
1-0: Foul Ball, location: 2F
1-1: Ball
2-1: Foul Ball, location: 2F
2-2: Ball
Tom Rowe steals 2nd base
3-2: Base on Balls
Batting: RHB Shayne Burry 0-0: Ball
1-0: Foul Ball, location: 2F
1-1: Ball
2-1: Called Strike
2-2: Ground out 5-3 (Groundball, 5S)
Tom Rowe to third
Ramón Martínez to second
Batting: LHB Miguel Pérez 0-0: Foul Ball, location: 2F
0-1: Foul Ball, location: 2F
0-2: Strikes out swinging
Top of the 2nd over - 0 run(s), 0 hit(s), 0 error(s), 2 left on base; Calgary 0 - Houston 5
BOTTOM OF THE 2ND
Houston Hammertime batting - Pitching for Calgary Cowboys : RHP Michael Carr
Batting: RHB Alonso Holguín 0-0: Called Strike
0-1: Foul Ball, location: 2F
0-2: Ball
1-2: Fly out, F4 (Popup, 4MD)
Batting: RHB Carlos Pérez 0-0: Ground out 3-1 (Groundball, 34)
Batting: LHB Leonardo Medina 0-0: Ball
1-0: Ball
2-0: Ball
3-0: Called Strike
3-1: Base on Balls
Batting: RHB Dan Mason 0-0: Ball
1-0: Ball
2-0: Swinging Strike
2-1: Ground out 5-3 (Groundball, 56)
Bottom of the 2nd over - 0 run(s), 0 hit(s), 0 error(s), 1 left on base; Calgary 0 - Houston 5
TOP OF THE 3RD
Calgary Cowboys batting - Pitching for Houston Hammertime : RHP Andrés Rivera
Batting: LHB Enrico Vargas 0-0: Ball
1-0: Ball
2-0: Ball
3-0: Called Strike
3-1: Fly out, F8 (Flyball, 8LD)
Batting: RHB Mario Sánchez 0-0: Ball
1-0: Swinging Strike
1-1: Foul Ball, location: 2F
1-2: Ball
2-2: Ball
3-2: Ground out 5-3 (Groundball, 56)
Batting: LHB Greg Nelson 0-0: Swinging Strike
0-1: SINGLE (Line Drive, 4MD)
Batting: RHB Todd Bryant 0-0: Ball
1-0: Ball
2-0: Fly out, F9 (Flyball, 9S)
Top of the 3rd over - 0 run(s), 1 hit(s), 0 error(s), 1 left on base; Calgary 0 - Houston 5
BOTTOM OF THE 3RD
Houston Hammertime batting - Pitching for Calgary Cowboys : RHP Michael Carr
Batting: RHB David Hernández 0-0: Fly out, F8 (Flyball, 8RM)
Batting: SHB Carlos Córdova 0-0: Called Strike
0-1: Called Strike
0-2: Ball
1-2: Ball
2-2: Ground out 5-3 (Groundball, 56)
Batting: RHB Alberto Chávez 0-0: Ball
1-0: Ball
2-0: Ball
3-0: Called Strike
3-1: Foul Ball, location: 2F
3-2: Strikes out swinging
Bottom of the 3rd over - 0 run(s), 0 hit(s), 0 error(s), 0 left on base; Calgary 0 - Houston 5
TOP OF THE 4TH
Calgary Cowboys batting - Pitching for Houston Hammertime : RHP Andrés Rivera
Batting: RHB Dan Wyatt 0-0: Foul Ball, location: 2F
0-1: Called Strike
0-2: Ball
1-2: Ground out 6-3 (Groundball, 6)
Batting: RHB Tom Rowe 0-0: Ball
1-0: Ball
2-0: Ball
3-0: Base on Balls
Batting: RHB Ramón Martínez 0-0: Grounds into double play, 5-4-3 (Groundball, 56)
Top of the 4th over - 0 run(s), 0 hit(s), 0 error(s), 0 left on base; Calgary 0 - Houston 5
BOTTOM OF THE 4TH
Houston Hammertime batting - Pitching for Calgary Cowboys : RHP Michael Carr
Batting: LHB Fernando Camacho 0-0: Called Strike
0-1: Foul Ball, location: 2F
0-2: Ball
1-2: Ground out U3 (Groundball, 3)
Batting: LHB Tom Baker 0-0: Called Strike
0-1: Ball
1-1: Ball
2-1: Ball
3-1: Foul Ball, location: 2F
3-2: Ground out U3 (Groundball, 34)
Batting: RHB Alonso Holguín 0-0: Ground out 4-3 (Groundball, 4M)
Bottom of the 4th over - 0 run(s), 0 hit(s), 0 error(s), 0 left on base; Calgary 0 - Houston 5
TOP OF THE 5TH
Calgary Cowboys batting - Pitching for Houston Hammertime : RHP Andrés Rivera
Batting: RHB Shayne Burry 0-0: Ball
1-0: Ball
2-0: Foul Ball, location: 2F
2-1: SINGLE (Groundball, 6D)
Pitching: RHP António Galindo
Batting: LHB Miguel Pérez 0-0: Foul Ball, location: 2F
0-1: Swinging Strike
0-2: Grounds into double play, 4-6-3 (Groundball, 4)
Batting: LHB Enrico Vargas 0-0: Ball
1-0: Called Strike
1-1: Foul Ball, location: 2F
1-2: TRIPLE (Flyball, 89D)
Batting: RHB Mario Sánchez 0-0: Fly out, F6 (Popup, 56D)
Top of the 5th over - 0 run(s), 2 hit(s), 0 error(s), 1 left on base; Calgary 0 - Houston 5
BOTTOM OF THE 5TH
Houston Hammertime batting - Pitching for Calgary Cowboys : RHP Michael Carr
Batting: RHB Carlos Pérez 0-0: Ground out 6-3 (Groundball, 6)
Batting: LHB Leonardo Medina 0-0: Swinging Strike
0-1: Foul Ball, location: 2F
0-2: Ball
1-2: Ball
2-2: Ball
3-2: Foul Ball, location: 2F
3-2: Foul Ball, location: 2F
3-2: Ground out 4-3 (Groundball, 4)
Batting: RHB Dan Mason 0-0: Called Strike
0-1: Fly out, F9 (Flyball, 89M)
Bottom of the 5th over - 0 run(s), 0 hit(s), 0 error(s), 0 left on base; Calgary 0 - Houston 5
TOP OF THE 6TH
Calgary Cowboys batting - Pitching for Houston Hammertime : RHP António Galindo
Batting: LHB Greg Nelson 0-0: Called Strike
0-1: Foul Ball, location: 2F
0-2: Ball
1-2: Ball
2-2: Ground out 6-3 (Groundball, 6)
Batting: RHB Todd Bryant 0-0: SOLO HOME RUN (Flyball, 7LD), Distance : 351 ft
Batting: RHB Dan Wyatt 0-0: Foul Ball, location: 2F
0-1: Ball
1-1: Ball
2-1: Ball
3-1: SINGLE (Groundball, 56D)
Batting: RHB Tom Rowe 0-0: Ball
1-0: Ball
Dan Wyatt is caught stealing 2nd base
2-0: SINGLE (Line Drive, 6MD)
Batting: RHB Ramón Martínez 0-0: Ball
1-0: Ball
Tom Rowe steals 2nd base
2-0: Fly out, F8 (Flyball, 89S)
Top of the 6th over - 1 run(s), 3 hit(s), 0 error(s), 1 left on base; Calgary 1 - Houston 5
BOTTOM OF THE 6TH
Houston Hammertime batting - Pitching for Calgary Cowboys : RHP Michael Carr
Batting: RHB David Hernández 0-0: Ball
1-0: Ball
2-0: Ball
3-0: Base on Balls
Batting: SHB Carlos Córdova 0-0: Ball
1-0: Called Strike
1-1: Ball
2-1: Ball
3-1: Base on Balls
David Hernández to second
Pitching: RHP Pedro Leal
Batting: RHB Alberto Chávez 0-0: Ball
1-0: Fly out, F8 (Flyball, 8RM)
Batting: LHB Fernando Camacho 0-0: Ball
1-0: Called Strike
1-1: Ball
2-1: Swinging Strike
2-2: Ground out 4-3 (Groundball, 34D)
David Hernández to third
Carlos Córdova to second
Batting: LHB Tom Baker 0-0: Ball
1-0: Called Strike
1-1: Foul Ball, location: 2F
1-2: Strikes out swinging
Bottom of the 6th over - 0 run(s), 0 hit(s), 0 error(s), 2 left on base; Calgary 1 - Houston 5
TOP OF THE 7TH
Calgary Cowboys batting - Pitching for Houston Hammertime : RHP António Galindo
Batting: RHB Shayne Burry 0-0: Foul Ball, location: 2F
0-1: Foul Ball, location: 2F
0-2: Ball
1-2: Ground out 6-3 (Groundball, 6)
Batting: LHB Miguel Pérez 0-0: Ball
1-0: Called Strike
1-1: Foul Ball, location: 2F
1-2: Strikes out swinging
Batting: LHB Enrico Vargas 0-0: Ball
1-0: Foul Ball, location: 2F
1-1: SOLO HOME RUN (Flyball, 9LD), Distance : 338 ft
Batting: RHB Mario Sánchez 0-0: Swinging Strike
0-1: Foul Ball, location: 2F
0-2: Ball
1-2: Strikes out swinging
Top of the 7th over - 1 run(s), 1 hit(s), 0 error(s), 0 left on base; Calgary 2 - Houston 5
BOTTOM OF THE 7TH
Houston Hammertime batting - Pitching for Calgary Cowboys : RHP Pedro Leal
Batting: RHB Alonso Holguín 0-0: Ball
1-0: Ball
2-0: Ball
3-0: Base on Balls
Batting: RHB Carlos Pérez 0-0: Ball
1-0: Ball
2-0: Called Strike
2-1: Ball
3-1: Fly out, F7 (Flyball, 7)
Batting: LHB Leonardo Medina 0-0: Called Strike
0-1: Foul Ball, location: 2F
0-2: Ball
1-2: Strikes out swinging
Batting: RHB Dan Mason 0-0: Foul Ball, location: 2F
0-1: Ball
1-1: Ball
2-1: Swinging Strike
2-2: Foul Ball, location: 2F
2-2: Strikes out swinging
Bottom of the 7th over - 0 run(s), 0 hit(s), 0 error(s), 1 left on base; Calgary 2 - Houston 5
TOP OF THE 8TH
Calgary Cowboys batting - Pitching for Houston Hammertime : RHP António Galindo
Pitching: LHP Dan Snyder
Batting: LHB Greg Nelson 0-0: Called Strike
0-1: Called Strike
0-2: Foul Ball, location: 2F
0-2: Ball
1-2: Foul Ball, location: 2F
1-2: Strikes out swinging
Batting: RHB Todd Bryant 0-0: Called Strike
0-1: Ball
1-1: Swinging Strike
1-2: Foul Ball, location: 2F
1-2: Fly out, F9 (Flyball, 9D)
Batting: RHB Dan Wyatt 0-0: Ball
1-0: Foul Ball, location: 2F
1-1: Ball
2-1: SINGLE (Line Drive, 89S)
Batting: RHB Tom Rowe 0-0: Swinging Strike
0-1: Reached on error, E5 (Groundball, 56)
Dan Wyatt to second
Batting: RHB Ramón Martínez 0-0: Ball
1-0: Fly out, F9 (Flyball, 89M)
Top of the 8th over - 0 run(s), 1 hit(s), 1 error(s), 2 left on base; Calgary 2 - Houston 5
BOTTOM OF THE 8TH
Houston Hammertime batting - Pitching for Calgary Cowboys : RHP Pedro Leal
Batting: RHB David Hernández 0-0: Ball
1-0: Ball
2-0: Called Strike
2-1: SINGLE (Groundball, 34D)
Batting: SHB Carlos Córdova 0-0: Sac Bunt - play at first, batter OUT! 1-3
David Hernández to second
Batting: RHB Alberto Chávez 0-0: Ball
1-0: Ball
2-0: Ball
3-0: Called Strike
3-1: Fly out, F9 (Flyball, 9)
Batting: LHB Fernando Camacho 0-0: Ball
1-0: SINGLE (Groundball, 3D)
David Hernández to third
Runner from 3rd tries for Home, SAFE, no throw
Batting: LHB Tom Baker 0-0: Called Strike
0-1: Ball
1-1: Ground out 3-1 (Groundball, 34)
Bottom of the 8th over - 1 run(s), 2 hit(s), 0 error(s), 1 left on base; Calgary 2 - Houston 6
TOP OF THE 9TH
Calgary Cowboys batting - Pitching for Houston Hammertime : LHP Dan Snyder
Batting: RHB Shayne Burry 0-0: Fly out, F7 (Line Drive, 78M)
Batting: LHB Miguel Pérez 0-0: Foul Ball, location: 2F
0-1: Foul Ball, location: 2F
0-2: Fly out, F8 (Flyball, 8LD)
Batting: LHB Enrico Vargas 0-0: Ball
1-0: Ball
2-0: Ball
3-0: Called Strike
3-1: Fly out, F3 (Line Drive, 3L)
Top of the 9th over - 0 run(s), 0 hit(s), 0 error(s), 0 left on base; Calgary 2 - Houston 6
Thursday, March 30th, 2017 - OOTP Baseball 17.12 Build 75